 Dungeon Crawl Stone Soup version 0.30.1-4-g462c640d31 (webtiles) character file.

Game seed: 16260001398689614382

1866 Almogavar the Thaumaturge (level 8, -1/43 HPs)
             Began as a Deep Elf Conjurer on Aug 10, 2023.
             Was a Follower of Sif Muna.
             Shot with a sling bullet by Joseph (13 damage)
             ... on level 7 of the Dungeon on Aug 12, 2023.
             The game lasted 00:23:00 (7540 turns).

Almogavar the Thaumaturge (Deep Elf Conjurer)       Turns: 7540, Time: 00:23:01

Health: -1/43      AC:  7    Str:  4    XL:     8   Next: 90%
Magic:  11/23      EV: 13    Int: 26    God:    Sif Muna [*.....]
Gold:   492        SH:  0    Dex: 13    Spells: 20/26 levels left

rFire   . . .        H - staff of conjuration
rCold   . . .        (no shield)
rNeg    . . .        a - +0 robe
rPois   .            (no helmet)
rElec   .            (no cloak)
rCorr   .            p - +0 pair of gloves
SInv    .            (no boots)
Will    .....        K - amulet of regeneration
Stlth   +++          F - ring of wizardry
HPRegen 1.07/turn    E - +4 ring of protection
MPRegen 0.18/turn

%: wizardry (x1)
@: no status effects
A: no striking features
a: Renounce Religion, Channel Magic


You were on level 7 of the Dungeon.
You worshipped Sif Muna.
Sif Muna was aware of your devotion.
You visited 2 branches of the dungeon, and saw 8 of its levels.

You collected 520 gold pieces.
You spent 28 gold pieces at shops.

Inventory:

Hand Weapons
 f - a +2 short sword of venom
Armour
 a - a +0 robe (worn)
 p - a +0 pair of gloves (worn)
 C - the +0 ring mail of Amoup {rElec}
   (You found it on level 4 of the Dungeon)

   rElec:     It insulates you from electricity.
Magical Staves
 t - a staff of fire
 H - a staff of conjuration (weapon)
Jewellery
 d - a +6 ring of strength
 h - a +6 ring of strength
 r - a +4 ring of slaying
 E - a +4 ring of protection (right hand)
 F - a ring of wizardry (left hand)
 G - an amulet of the acrobat
 K - an amulet of regeneration (around neck)
 L - a ring of wizardry
 M - a +6 ring of intelligence
Wands
 B - a wand of polymorph (9)
 O - a wand of digging (5)
Scrolls
 c - 4 scrolls of magic mapping
 k - a scroll of silence {unknown}
 m - 3 scrolls of noise {unknown}
 n - a scroll of amnesia {unknown}
 o - 3 scrolls of acquirement {unknown}
 q - 2 scrolls of teleportation
 u - a scroll of enchant weapon {unknown}
 v - a scroll of torment {unknown}
 x - a scroll of fear {unknown}
 y - 2 scrolls of vulnerability {unknown}
 D - a scroll of enchant armour {unknown}
 I - a scroll of immolation {unknown}
 P - a scroll of blinking {unknown}
Potions
 b - a potion of magic
 e - a potion of lignification
 g - a potion of attraction
 i - a potion of invisibility
 j - a potion of ambrosia {unknown}
 l - a potion of berserk rage {unknown}
 s - 7 potions of curing
 w - 2 potions of degeneration {unknown}
 z - a potion of heal wounds {unknown}
 A - a potion of mutation {unknown}
 J - a potion of cancellation {unknown}
 N - a potion of resistance {unknown}


   Skills:
 + Level 1.2 Fighting
 + Level 4.5 Dodging
 + Level 5.4 Stealth
 + Level 9.5 Spellcasting
 + Level 9.4 Conjurations
 + Level 0.9 Hexes


You had 20 spell levels left.
You knew the following spells:

 Your Spells              Type           Power      Damage    Failure   Level
a - Magic Dart            Conj           100%       1d8       1%          1
b - Searing Ray           Conj           100%       2d8       1%          2
c - Dazzling Flash        Conj/Hex       100%       N/A       1%          3

Your spell library contained the following spells:

 Spells                   Type           Power      Damage    Failure   Level
 Ensorcelled Hibernation  Hex/Ice        28%        N/A       2%          2
 Fulminant Prism          Conj/Hex       28%        3d14      2%          4
 Iskenderun's Mystic Bla  Conj/Tloc      53%        2d11      2%          4
 Passwall                 Tmut/Erth      10%        N/A       3%          2
 Sublimation of Blood     Necr           12%        N/A       3%          2
 Swiftness                Air            12%        N/A       6%          3
 Irradiate                Conj/Tmut      26%        3d20      8%          5
 Petrify                  Tmut/Erth      12%        N/A       19%         4
 Summon Ice Beast         Ice/Summ       12%        N/A       19%         4
 Summon Mana Viper        Hex/Summ       14%        N/A       38%         5
 Monstrous Menagerie      Summ           6%         N/A       100%        7


Dungeon Overview and Level Annotations

Branches:
Dungeon (7/15)             Temple (1/1) D:4

Altars:
Fedhas
Nemelex Xobeh
Okawaru
Qazlal
Sif Muna
Uskayaw
Yredelemnul

Shops:
D:2 ?::[   D:3 (

Annotations:
D:7 Joseph, Menkaure


Message History

(Press . to maintain the ray.)
The searing ray hits the hound.
The hound is severely wounded.
The hound stops to sniff the ground.
The searing ray hits the hound.
You kill the hound!
Sif Muna accepts your kill.
Casting: Searing Ray (safe; 1% risk of failure)
Confirm with . or Enter, or press ? or * to list all spells.
Restarting spell: Searing Ray (safe; 1% risk of failure)
Press: ? - help, Shift-Dir - straight line, f - Joseph
Aim: Joseph, wielding a +0 sling and wearing a +0 ring mail (85% to hit)
You feel a surge of power!
The searing ray misses Joseph. (Press . to maintain the ray.) Joseph shoots a sling bullet.
The sling bullet barely misses you.
The searing ray hits Joseph.
Joseph is lightly wounded.
Joseph shoots a sling bullet.
The sling bullet hits you but does no damage.
The searing ray hits Joseph!
Joseph is moderately wounded.
The searing ray hits Joseph!
Joseph is heavily wounded.
You finish channelling your searing ray.
Casting: Searing Ray (safe; 1% risk of failure)
Confirm with . or Enter, or press ? or * to list all spells.
Aiming: Searing Ray (safe; 1% risk of failure)
Press: ? - help, Shift-Dir - straight line, f/p - Joseph
Aim: Joseph, wielding a +0 sling and wearing a +0 ring mail (heavily wounded, 85% to hit)
You feel a surge of power!
The searing ray misses Joseph. (Press . to maintain the ray.) Joseph shoots a sling bullet.
The sling bullet hits you!
The searing ray hits Joseph but does no damage.
Joseph is heavily wounded.
Joseph shoots a sling bullet.
The sling bullet hits you!!
* * * LOW HITPOINT WARNING * * *
The searing ray hits Joseph!
Joseph is severely wounded.
Joseph shoots a sling bullet.
The sling bullet hits you!
You die...

#.# #.# #......... ####.#
#.# #.#..##...
.....###.###.........
########............##...
.@.............####......
.....###.#####.# #.####.
### #@# #.# #.# ## #.#
#<# #.. #@# #.# #†# #.#
#.# #.# .### #.# #.# ....
#.# #.# ### ..# #.#
#.#.### ... #...... .##
####### #


You could see Joseph.

Vanquished Creatures
  A wraith (D:7)
  A water moccasin (D:5)
  An ice beast (D:7)
  An ogre (D:5)
  A phantom (D:6)
  2 bullfrogs (D:7)
  A kobold brigand (D:7)
  2 scorpions
  6 killer bees (D:7)
  A jelly (D:6)
  9 hounds
  An orc priest (D:4)
  A sleepcap (D:4)
  A gnoll bouda (D:4)
  3 iguanas
  4 orc wizards
  5 gnolls
  5 adders
  A shadow imp (D:6)
  A white imp (D:3)
  An ufetubus (D:4)
  6 worms
  7 dart slugs
  13 orcs
  3 endoplasms
  6 giant cockroaches
  8 goblins
  6 hobgoblins
  11 kobolds
  3 quokkas
  7 ball pythons
  4 bats
  3 frilled lizards
  3 rats
129 creatures vanquished.

Notes
Turn   | Place    | Note
-------+----------+-------------------------------------------
     0 | D:1      | Almogavar the Deep Elf Conjurer began the quest for the
                  | Orb.
     0 | D:1      | Reached XP level 1. HP: 10/10 MP: 6/6
   113 | D:1      | Reached XP level 2. HP: 15/15 MP: 5/8
   189 | D:1      | Learned a level 2 spell: Searing Ray
   350 | D:1      | Reached skill level 5 in Conjurations
   928 | D:2      | Reached XP level 3. HP: 19/19 MP: 7/9
   948 | D:2      | Found Aleammuloj's Book Boutique.
   968 | D:2      | Found Kug Usmo's Book Emporium.
  1319 | D:2      | Found Zohiry's Magic Scroll Emporium.
  1327 | D:2      | Bought a scroll of identify for 28 gold pieces
  1606 | D:2      | Found Gytoehes's Armour Boutique.
  1941 | D:3      | Reached XP level 4. HP: 24/24 MP: 3/11
  2457 | D:3      | Found a basalt altar of Yredelemnul.
  2530 | D:3      | Found Binugegh's Antique Weapon Emporium.
  2972 | D:3      | Learned a level 3 spell: Dazzling Flash
  3034 | D:4      | Found a staircase to the Ecumenical Temple.
  3064 | Temple   | Entered the Ecumenical Temple
  3117 | Temple   | Became a worshipper of Sif Muna the Loreminder
  3276 | D:4      | Reached XP level 5. HP: 7/28 MP: 1/13
  3546 | D:4      | Identified the +0 ring mail of Amoup {rElec}
  3725 | D:4      | Reached skill level 5 in Spellcasting
  3725 | D:4      | Reached XP level 6. HP: 32/32 MP: 7/15
  4206 | D:5      | Entered Level 5 of the Dungeon
  4658 | D:5      | Noticed a water moccasin
  4697 | D:5      | Killed a water moccasin
  4698 | D:5      | Reached XP level 7. HP: 27/36 MP: 9/18
  6568 | D:6      | Reached * piety under Sif Muna
  6569 | D:6      | Reached XP level 8. HP: 40/42 MP: 12/21
  6883 | D:7      | Reached skill level 5 in Stealth
  6893 | D:7      | Noticed Menkaure
  7162 | D:7      | Reached skill level 1 in Fighting
  7524 | D:7      | Noticed Joseph
  7540 | D:7      | Shot with a sling bullet by Joseph

Illustrated notes

Levels and vault maps discovered:
D:1:      lemuel_arrival_room, layout_basic
D:2:      wad_pebble_path, layout_basic, serial_shops,
          nicolae_shop_tiny_statue_garden, shop, nicolae_shop_tiny_waterfront,
          shop, minmay_misc_feat_more_columns
D:3:      layout_loops_corners, marbit_many_paths, serial_shops, shop
D:4:      layout_loops_ring, temple_doors_e
D:5:      layout_basic, minmay_strange_pillars
D:6:      layout_basic
D:7:      layout_loops_ring, uniq_joseph, uniq_menkaure
Temple:   mainiacjoe_temple_hex_bubbles

Skill      XL: |  1  2  3  4  5  6  7  8 |
---------------+-------------------------+-----
Conjurations   | 5 6 7 8 9 |  9.4
Stealth        | 3 4 5 |  5.4
Spellcasting   | 4 5 6 7 9 |  9.5
Dodging        | 3 4 |  4.5
Fighting       | 1 |  1.2
Hexes          | |  0.9

Action                     |  1- 3 |  4- 6 |  7- 9 || total
---------------------------+-------+-------+-------++-------
   Cast: Magic Dart        |    74 |    62 |    54 ||   190
         Searing Ray       |     5 |    21 |    39 ||    65
         Dazzling Flash    |       |       |     1 ||     1
    Use: Scroll            |     2 |     1 |     2 ||     5
         Potion            |       |       |     2 ||     2
 Armour: Robe              |       |     8 |    14 ||    22
  Dodge: Dodged            |     1 |    13 |    42 ||    56
